Cogmind - Beta 11 --- EXPLORER MODE // 2022.03.19 @ 11:48:51 Player: Malo Result: Core destroyed Performance ------------- Evolutions (3) 1500 Regions Visited (7) 1400 Robots Destroyed (143) 715 Value Destroyed (4606) 4606 Prototype IDs (8) 160 Alien Tech Used (0) 0 Bonus (1729) 1729 TOTAL SCORE: 10110 Bonus ------- High Alert Combat Kills 529 Entered Garrisons 200 Used RIF Installer 500 Entered DSFs 500 Cogmind --------- Core Integrity 0/700 Matter 118/300 Energy 240/240 System Corruption 0% Temperature Critical (3272) Movement Core (1700) Ox33 Location -7/DSF Parts ------- > --- POWER (1) -------- Nuclear Core > --- PROPULSION (4) --- Surge Thruster Surge Thruster Surge Thruster > --- UTILITY (7) ------ Huge Storage Unit Improved Signal Interpreter Hardlight Generator > --- WEAPON (2) ------- Particle Gun Heavy Particle Cannon > --- INVENTORY (25) --- Light Nuclear Core Armored Treads Trap Scanner Visual Processing Unit Sensor Array Sensor Array Terrain Scan Processor Core Shielding Propulsion Shielding Authchip [R/Combat] Relay Coupler [NC] (38) Relay Coupler [Cutter] (35) Relay Coupler [Grunt] (42) Relay Coupler [Grunt] (44) Relay Coupler [Brawler] (35) Relay Coupler [Sentry] (36) Relay Coupler [Demolisher] (28) Relay Coupler [Demolisher] (32) Relay Coupler [Hunter] (26) Improved Trap Extractor (0/6) Recalibrator Recalibrator Plasma Rifle Light Assault Rifle Improved Assault Rifle Peak State ------------ > --- POWER ------------ Micro Nuclear Core > --- PROPULSION ------- Aluminum Leg Aluminum Leg Aluminum Leg Improved Aluminum Leg > --- UTILITY ---------- Huge Storage Unit Structural Scanner Improved Sensor Array Improved Signal Interpreter Hardlight Generator Hacking Suite Relay Coupler [NC] > --- WEAPON ----------- Shock Rifle Beam Rifle > --- INVENTORY -------- Light Nuclear Core Trap Scanner Visual Processing Unit Sensor Array Sensor Array Terrain Scan Processor Core Shielding Propulsion Shielding Hardlight Generator Relay Coupler [NC] Relay Coupler [Cutter] Relay Coupler [Grunt] Relay Coupler [Grunt] Relay Coupler [Brawler] Relay Coupler [Sentry] Relay Coupler [Demolisher] Relay Coupler [Demolisher] Relay Coupler [Hunter] Improved Trap Extractor Recalibrator Recalibrator Particle Gun Heavy Particle Cannon Light Assault Rifle Improved Assault Rifle [Rating: 36] Favorites ----------- Power Light Nuclear Core Engine Heavy Ion Engine Power Core Light Nuclear Core Propulsion Aluminum Leg Treads Light Treads Leg Aluminum Leg Flight Unit Improved Flight Unit Utility Huge Storage Unit Device Structural Scanner Storage Huge Storage Unit Processor Transport Network Coupler Hackware Relay Coupler [NC] Weapon Advanced Beam Cannon Energy Gun Improved EM Shotgun Energy Cannon Advanced Beam Cannon Ballistic Gun Light Assault Rifle Build | -11 -10 -9 -9 -9 -8 -7 -7 ------- Run | Scr Mat Mat Sto Gar Mat Fac DSF Slots Evolved 7 | . 1 2 . . 2 2 . Power . | . . . . . . . . Propulsion 2 | . . 1 . . 1 . . Utility 5 | . 1 1 . . 1 2 . Weapon . | . . . . . . . . Parts Attached 85 | 5 9 15 8 7 30 2 9 Power 10 | . 2 2 1 . 3 . 2 Engine 4 | . 1 2 1 . . . . Core 6 | . 1 . . . 3 . 2 Reactor . | . . . . . . . . Propulsion 31 | 2 . 8 3 3 12 . 3 Treads 14 | . . 3 . 3 8 . . Leg 11 | 2 . 2 3 . 4 . . Wheel . | . . . . . . . . Hover . | . . . . . . . . Flight 6 | . . 3 . . . . 3 Utility 24 | 2 4 2 1 3 8 2 2 Device 14 | 1 1 1 . 3 5 1 2 Storage 3 | . 2 . 1 . . . . Processor 5 | 1 1 1 . . 2 . . Hackware 2 | . . . . . 1 1 . Protection . | . . . . . . . . Artifact . | . . . . . . . . Weapon 20 | 1 3 3 3 1 7 . 2 Energy Gun 10 | 1 1 2 2 1 2 . 1 Energy Cannon 6 | . 1 . 1 . 3 . 1 Ballistic Gun 4 | . 1 1 . . 2 . . Ballistic Cannon . | . . . . . . . . Launcher . | . . . . . . . . Special Weapon . | . . . . . . . . Impact Weapon . | . . . . . . . . Slashing Weapon . | . . . . . . . . Piercing Weapon . | . . . . . . . . Special Melee Weapon . | . . . . . . . . Unidentified Prototypes 4 | . . 2 2 . . . . Parts Lost 36 | . 2 3 3 5 14 . 9 Power 6 | . 1 1 1 . 2 . 1 Propulsion 11 | . . 1 . 3 4 . 3 Utility 10 | . . 1 1 1 3 . 4 Weapon 9 | . 1 . 1 1 5 . 1 Highest Loss Streak 10 | . 1 1 1 2 10 . 4 To Critical Strikes . | . . . . . . . . Average Slot Usage (%) 85 | . 94 88 98 72 90 100 73 Engine 5 | . . 5 10 10 . . . Core 4 | . 10 2 . . 6 7 6 Treads 4 | . . 4 . 6 7 . . Leg 12 | . 25 2 11 3 19 28 15 Flight 4 | . . 18 18 . . . 6 Device 9 | . 12 6 10 6 14 21 9 Storage 13 | . 11 10 11 20 10 7 7 Processor 10 | . 12 19 16 7 5 7 7 Hackware 1 | . . . . . 7 14 6 Energy Gun 9 | . 5 9 9 9 12 14 9 Energy Cannon 5 | . 1 . 8 10 1 . 4 Ballistic Gun 3 | . 11 10 1 . 1 . . Naked Turns . | . . . . . . . . Heaviest Build 101 | 3 90 94 100 101 101 98 101 Greatest Support 90 | 20 20 40 39 66 90 43 43 Greatest Overweight (x) 33 | . 4 8 6 32 28 2 33 Average Overweight (x) 4 | . 2 5 3 9 2 2 5 Largest Inventory Capacity 25 | 5 25 25 25 25 25 25 25 Average Capacity 24 | 5 23 25 25 25 25 25 25 Most Carried 25 | 5 10 14 23 25 25 24 25 Average Carried 17 | 2 6 11 19 23 22 23 23 Final Capacity 25 | 5 25 25 25 25 25 25 25 Final Carried 25 | 4 8 13 20 24 25 23 25 Class Distribution -------------------- 80% | Hacker-Mutant 13% | Scavenger-Skirmisher 6% | Scavenger-Mutant Dominant Class ---------------- Hacker-Mutant | -10/Materials Hacker-Mutant | -9/Materials Hacker-Mutant | -9/Storage Hacker-Mutant | -9/Garrison Scavenger-Skirmisher | -8/Materials Scavenger-Mutant | -7/Factory Scavenger-Mutant | -7/DSF Resources | -11 -10 -9 -9 -9 -8 -7 -7 ----------- Run | Scr Mat Mat Sto Gar Mat Fac DSF Matter Collected 1213 | 236 159 254 89 70 346 . 59 Remotely . | . . . . . . . . Salvage Created 5862 | 73 790 1019 984 953 1671 . 372 Parts 365 | . 50 69 70 61 93 . 22 Haulers Intercepted 5 | . 1 3 1 . . . . Recyclers Shooed 1 | . 1 . . . . . . Parts Field Recycled . | . . . . . . . . Retrieved Matter . | . . . . . . . . Parts Self-Destructed . | . . . . . . . . Prevented . | . . . . . . . . Kills | -11 -10 -9 -9 -9 -8 -7 -7 ------- Run | Scr Mat Mat Sto Gar Mat Fac DSF Combat Hostiles Destroyed 90 | . 12 13 15 19 22 . 9 Guns 47 | . 5 13 5 12 8 . 4 Cannons 31 | . 1 . 9 5 11 . 5 AOE 8 | . 5 . 1 . 2 . . Classes Destroyed 15 | 1 6 3 . . 2 . 3 Worker 11 | . . 4 2 . 5 . . Builder 11 | . 2 2 . . 7 . . Tunneler 1 | . 1 . . . . . . Hauler 5 | . 1 3 1 . . . . Recycler 10 | 1 2 3 2 . 2 . . Operator 2 | . . . . . 2 . . Watcher 13 | . 3 3 2 . 5 . . Swarmer 15 | . 2 4 3 4 2 . . Cutter 3 | . . . . . . . 3 Grunt 44 | . 10 3 3 7 17 . 4 Brawler 2 | . . 1 1 . . . . Duelist 1 | . . . . . . . 1 Sentry 23 | . . 5 8 8 2 . . Hunter 1 | . . . . . 1 . . Heavy 1 | . . . . . . . 1 Best Kill Streak 15 | 1 6 6 3 6 15 . 3 Combat Bots Only 6 | . 3 2 3 6 6 . 3 Max Kills in Single Turn 4 | 1 3 2 2 1 4 . 1 Gunslinging 1 | . . 1 . . . . . Exploded 2 | . 2 . 1 . 1 . . Melee . | . . . . . . . . Uniques/NPCs Destroyed . | . . . . . . . . Combat | -11 -10 -9 -9 -9 -8 -7 -7 -------- Run | Scr Mat Mat Sto Gar Mat Fac DSF Damage Taken 4800 | . 448 402 539 590 1425 . 1396 Core 1309 | . 113 47 76 137 187 . 749 Absorbed by Shields 269 | . . . . 61 208 . . Regen/Repaired (Parts) 23 | . 7 . . . 16 . . Core Remaining (%) 63 | 100 54 . . 35 66 . . Volleys Fired 393 | 1 68 61 70 62 97 . 34 Largest 2 | 1 2 2 2 2 2 . 2 Hottest 140 | 40 80 88 113 113 136 . 140 Shots Fired 640 | 1 108 115 94 83 172 . 67 Gun 448 | 1 106 115 27 52 108 . 39 Cannon 192 | . 2 . 67 31 64 . 28 Launcher . | . . . . . . . . Special . | . . . . . . . . Kinetic 169 | . 68 61 3 . 37 . . Thermal 297 | . 2 54 70 31 79 . 61 Explosive . | . . . . . . . . Electromagnetic 174 | 1 38 . 21 52 56 . 6 Robot Hit Streak 53 | 1 35 20 33 53 42 . 31 Robot Miss Streak 3 | . 3 2 1 2 3 . 1 Penetration Max . | . . . . . . . . Secondary Targets 5 | . 1 2 . . 1 . 1 Max Gunslinging Chain 1 | . 1 1 . . 1 . 1 Shots Hit Robots 509 | 1 92 85 63 63 143 . 62 Core Hits 243 | 1 40 43 28 39 71 . 21 Critical Kills 4 | . . . . 2 2 . . Critical Parts Destroyed . | . . . . . . . . Critical Strikes 15 | . 2 6 . 2 2 . 3 Burn 9 | . . 6 . . . . 3 Meltdown 4 | . . . . 2 2 . . Corrupt 2 | . 2 . . . . . . Melee Attacks . | . . . . . . . . Impact . | . . . . . . . . Slashing . | . . . . . . . . Piercing . | . . . . . . . . Sneak Attacks . | . . . . . . . . Combat Hostiles . | . . . . . . . . Follow-up Attacks . | . . . . . . . . Damage Inflicted 9335 | 15 1266 1092 1454 1303 2985 . 1220 Guns 5299 | 15 902 1091 355 805 1561 . 570 Cannons 3133 | . 35 . 991 454 1003 . 650 Explosions 888 | . 317 . 106 44 421 . . Melee . | . . . . . . . . Ramming 15 | . 12 1 2 . . . . Kinetic 1422 | . 418 440 30 . 534 . . Thermal 5278 | . 352 651 1126 498 1523 . 1128 Explosive . | . . . . . . . . Electromagnetic 2620 | 15 484 . 296 805 928 . 92 Impact . | . . . . . . . . Slashing . | . . . . . . . . Piercing . | . . . . . . . . Highest Corruption . | . . . . . . . . Average Corruption . | . . . . . . . . Corruption Purged . | . . . . . . . . Corruption Blocked . | . . . . . . . . Overload Shots . | . . . . . . . . Overflow Damage 43 | . 10 . 12 . 6 . 15 Projectiles 33 | . . . 12 . 6 . 15 Explosions 10 | . 10 . . . . . . Melee . | . . . . . . . . Knockbacks . | . . . . . . . . Impact . | . . . . . . . . Kinetic . | . . . . . . . . Secondary . | . . . . . . . . Self-Inflicted Damage 286 | . 96 . 62 31 97 . . Shots 14 | . 5 . 3 1 5 . . Rammed 1 | . . 1 . . . . . Targets Rammed 5 | . 3 1 1 . . . . Kicked 4 | . 3 . 1 . . . . Crushed . | . . . . . . . . Highest Temperature 3272 | . 156 168 324 237 474 . 3272 Average Temperature 176 | . 40 51 84 86 155 . 776 Received Heat Transfer 2569 | . 288 231 258 382 1122 . 288 Effects 63 | . . . 1 3 14 . 45 Shutdowns 9 | . . . . . 2 . 7 Energy Bleed 8 | . . . . 1 1 . 6 Interference 9 | . . . 1 2 4 . 2 Matter Decay 5 | . . . . . . . 5 Short Circuit 6 | . . . . . 1 . 5 Damage (minor) 5 | . . . . . 1 . 4 Damage (major) 16 | . . . . . 5 . 11 Damage (core) 5 | . . . . . . . 5 Siege Activations . | . . . . . . . . Robots Corrupted 2 | . 1 . . 1 . . . Combat Hostiles 1 | . 1 . . . . . . Parts Fried 10 | . 2 . 1 3 4 . . Impact Corruptions . | . . . . . . . . Robots Melted 4 | . . . . 2 2 . . Combat Hostiles 3 | . . . . 2 1 . . Parts Melted 13 | . . 4 . 7 1 . 1 Heat Transferred 9816 | . 324 2035 1950 704 2472 . 2331 Parts Sabotaged . | . . . . . . . . Parts Stolen . | . . . . . . . . Parts Stripped . | . . . . . . . . Power Chain Reactions 19 | . 7 . 3 2 7 . . Missiles Intercepted . | . . . . . . . . Alert | -11 -10 -9 -9 -9 -8 -7 -7 ------- Run | Scr Mat Mat Sto Gar Mat Fac DSF Peak Influence 1341 | 5 243 226 209 1341 860 2 145 Initial 479 | . 2 . . 22 479 . . Average 326 | 3 55 59 71 804 245 . 74 Maximum Alert Level 4 | . 1 1 1 4 3 . . Low Security (%) 61 | 100 94 98 93 6 59 100 100 Level 1 4 | . 5 1 6 7 . . . Level 2 13 | . . . . 22 34 . . Level 3 12 | . . . . 35 6 . . Level 4 8 | . . . . 27 . . . Level 5 . | . . . . . . . . High Security . | . . . . . . . . Max Security . | . . . . . . . . Sterilizations 1 | . . . . . . . 1 Squads Dispatched 13 | . 3 1 2 . 5 . 2 Investigation 5 | . 3 . 1 . 1 . . Extermination . | . . . . . . . . Reinforcement 7 | . . 1 . . 4 . 2 Assault . | . . . . . . . . Garrison 1 | . . . 1 . . . . Intercept . | . . . . . . . . Searches Triggered . | . . . . . . . . Construction Impeded 1 | . . . . . 1 . . Haulers Reinforced . | . . . . . . . . Active Scanning Responses . | . . . . . . . . Cargo Convoy Interrupts . | . . . . . . . . Stealth | -11 -10 -9 -9 -9 -8 -7 -7 --------- Run | Scr Mat Mat Sto Gar Mat Fac DSF Distress Signals 6 | . 3 . 1 . 2 . . Communications Jammed . | . . . . . . . . Distress Signals . | . . . . . . . . Times Spotted 127 | . 16 21 20 19 41 . 10 Peak Tracking Total 9 | . 4 3 3 6 9 . 4 Tactical Retreats 4 | . . . 2 . 1 . 1 Traps | -11 -10 -9 -9 -9 -8 -7 -7 ------- Run | Scr Mat Mat Sto Gar Mat Fac DSF Traps Triggered 13 | . 2 . 3 4 4 . . Indirectly . | . . . . . . . . Trap Hack Attempts . | . . . . . . . . Triggered . | . . . . . . . . Disarmed . | . . . . . . . . Reprogrammed . | . . . . . . . . Reused . | . . . . . . . . Traps Extracted . | . . . . . . . . Installed . | . . . . . . . . Triggered 2 | . 2 . . . . . . Machines | -11 -10 -9 -9 -9 -8 -7 -7 ---------- Run | Scr Mat Mat Sto Gar Mat Fac DSF Machines Disabled 13 | . 1 2 4 4 2 . . Max in Single Turn 1 | . 1 1 1 1 1 . . Garrison Relay 4 | . . . . 4 . . . Machines Sabotaged . | . . . . . . . . Garrisons Compromised . | . . . . . . . . Overloaded Fab Kills . | . . . . . . . . Hacking | -11 -10 -9 -9 -9 -8 -7 -7 --------- Run | Scr Mat Mat Sto Gar Mat Fac DSF Machines Accessed 22 | . 9 3 6 . 3 1 . Terminals 19 | . 8 3 5 . 2 1 . Fabricators . | . . . . . . . . Repair Stations 2 | . 1 . . . 1 . . Recycling Units . | . . . . . . . . Scanalyzers . | . . . . . . . . Garrison Access 1 | . . . 1 . . . . Total Hacks 84 | . 35 16 16 . 16 1 . Successful 70 | . 28 12 13 . 16 1 . Failed 14 | . 7 4 3 . . . . Catastrophic 4 | . 2 2 . . . . . Database Lockouts . | . . . . . . . . Manual 12 | . 3 6 2 . . 1 . Terminals 76 | . 32 16 13 . 14 1 . Fabricators . | . . . . . . . . Repair Stations 5 | . 3 . . . 2 . . Recycling Units . | . . . . . . . . Scanalyzers . | . . . . . . . . Garrison Access 3 | . . . 3 . . . . Terminal Hacks 63 | . 25 12 11 . 14 1 . Record 35 | . 16 7 3 . 9 . . Part Schematic 1 | . . . 1 . . . . Robot Analysis 1 | . 1 . . . . . . Prototype ID Bank 2 | . . 1 1 . . . . Open Door 3 | . . . 3 . . . . Open DSF 1 | . . . . . . 1 . Branch Access Points 1 | . . . . . 1 . . Emergency Access Points 1 | . . 1 . . . . . Terminal Index 1 | . . . 1 . . . . Fabricator Index 1 | . . . 1 . . . . Scanalyzer Index 1 | . 1 . . . . . . Alert Level 2 | . 1 . . . 1 . . Locate Traps 2 | . 1 . 1 . . . . Dispatch Records 2 | . 1 . . . 1 . . Maintenance Status 1 | . 1 . . . . . . Transport Status 2 | . 1 . . . 1 . . Investigation Status 1 | . 1 . . . . . . Recall Reinforcements 1 | . . . . . 1 . . Hauler Manifests 1 | . . 1 . . . . . Registered Prototypes 1 | . 1 . . . . . . Zone Layout 2 | . . 2 . . . . . Fabricator Hacks . | . . . . . . . . Repair Station Hacks 5 | . 3 . . . 2 . . Scan Component 3 | . 2 . . . 1 . . Repair 2 | . 1 . . . 1 . . Recycling Unit Hacks . | . . . . . . . . Scanalyzer . | . . . . . . . . Garrison Access Hacks 2 | . . . 2 . . . . Unlock Access 1 | . . . 1 . . . . Coupler Status 1 | . . . 1 . . . . Unauthorized Hacks . | . . . . . . . . Terminals . | . . . . . . . . Fabricators . | . . . . . . . . Repair Stations . | . . . . . . . . Recycling Units . | . . . . . . . . Scanalyzers . | . . . . . . . . Garrison Access . | . . . . . . . . Data Cores Recovered . | . . . . . . . . Used . | . . . . . . . . Hacking Detections 15 | . 8 3 2 . 2 . . Full Trace Events 9 | . 5 1 2 . 1 . . Feedback Events . | . . . . . . . . Feedback Blocked . | . . . . . . . . Robot Schematics Acquired . | . . . . . . . . Robots Built . | . . . . . . . . Authchips . | . . . . . . . . Time . | . . . . . . . . Total Robot Build Rating . | . . . . . . . . Part Schematics Acquired 1 | . . . 1 . . . . Parts Built . | . . . . . . . . Authchips . | . . . . . . . . Time . | . . . . . . . . Total Part Build Rating . | . . . . . . . . Parts Repaired 2 | . 1 . . . 1 . . Time 39 | . 13 . . . 26 . . Parts Recycled . | . . . . . . . . Recycled Matter . | . . . . . . . . Retrieved Matter . | . . . . . . . . Retrieved Components . | . . . . . . . . Parts Scanalyzed . | . . . . . . . . Part Schematics Acquired . | . . . . . . . . Parts Damaged . | . . . . . . . . Bothacking | -11 -10 -9 -9 -9 -8 -7 -7 ------------ Run | Scr Mat Mat Sto Gar Mat Fac DSF Used RIF Installer 1 | . . . . 1 . . . Robots Hacked . | . . . . . . . . Non-combat . | . . . . . . . . Combat . | . . . . . . . . Robot Hacks Applied . | . . . . . . . . Relay Couplers Released 14 | . . . . 14 . . . Machine Destruction 14 | . . . . 14 . . . Attached 1 | . . . . . 1 . . Fabnet Peak Effective % . | . . . . . . . . Robots Rewired . | . . . . . . . . Allies Hacked . | . . . . . . . . Hacks Repelled . | . . . . . . . . Allies | -11 -10 -9 -9 -9 -8 -7 -7 -------- Run | Scr Mat Mat Sto Gar Mat Fac DSF Total Allies . | . . . . . . . . Largest Group . | . . . . . . . . Highest-Rated Group . | . . . . . . . . Highest-Rated Ally . | . . . . . . . . Total Orders . | . . . . . . . . Ally Attacks . | . . . . . . . . Total Damage . | . . . . . . . . Kills . | . . . . . . . . Allies Corrupted . | . . . . . . . . Allies Melted . | . . . . . . . . Intel | -11 -10 -9 -9 -9 -8 -7 -7 ------- Run | Scr Mat Mat Sto Gar Mat Fac DSF Robot Analysis Total 1 | . 1 . . . . . . Derelict Logs Recovered . | . . . . . . . . Drone Launches . | . . . . . . . . Drone Recoveries . | . . . . . . . . Exploration | -11 -10 -9 -9 -9 -8 -7 -7 ------------- Run | Scr Mat Mat Sto Gar Mat Fac DSF Turns Passed 14375 | 75 2635 2002 1665 4396 2966 117 519 Spaces Moved 3282 | 62 746 416 414 712 773 45 114 Core 171 | 21 . . . 143 6 . 1 Treads 688 | . . 82 . 390 216 . . Legs 1925 | 41 746 68 210 179 551 45 85 Wheels . | . . . . . . . . Hover . | . . . . . . . . Flight 498 | . . 266 204 . . . 28 Fastest Speed 50 | 50 120 320 260 240 230 260 260 Average Speed 388 | 96 326 431 355 588 294 260 360 Slowest Speed 1700 | 120 400 680 454 1650 1450 260 1700 Overloaded Moves . | . . . . . . . . Propulsion Burnouts . | . . . . . . . . Robots Hopped . | . . . . . . . . Cave-ins Triggered . | . . . . . . . . Exploration Rate (%) 49 | 4 87 40 57 81 56 2 72 Regions Visited 7 Branch Regions 1 Pre-discovered Areas . | . . . . . . . . Known Exits Taken 6 | 1 1 1 1 . 1 1 . Unknown Exits Taken . | . . . . . . . . Scrap Searched . | . . . . . . . . Spaces Dug . | . . . . . . . . Terrain Destroyed 69 | . 27 . 11 9 22 . . Melee . | . . . . . . . . Projectile . | . . . . . . . . AOE 69 | . 27 . 11 9 22 . . Terrain Rammed . | . . . . . . . . Walls Destroyed . | . . . . . . . . Machines Disabled . | . . . . . . . . Actions | -11 -10 -9 -9 -9 -8 -7 -7 --------- Run | Scr Mat Mat Sto Gar Mat Fac DSF Total 4290 | 76 846 513 511 838 1291 46 169 Wait 380 | . 4 . 2 6 366 . 2 Move 3276 | 61 745 415 414 711 772 44 114 Hop . | . . . . . . . . Pick Up 93 | 9 13 15 13 11 23 . 9 Fast Attach 6 | . . . . . 5 . 1 Attach 62 | 5 7 9 6 7 19 2 7 Detach 4 | . 1 2 . 1 . . . Swap 17 | . 2 6 2 . 6 . 1 Drop 16 | . 3 4 3 2 3 . 1 Fire 393 | 1 68 61 70 62 97 . 34 Melee . | . . . . . . . . Ram . | . . . . . . . . Kick 4 | . 3 . 1 . . . . Crush 1 | . . 1 . . . . . Escape Stasis 35 | . . . . 35 . . . Rewire 3 | . . . . 3 . . . Trap . | . . . . . . . . Miscellaneous . | . . . . . . . . Route ------- -11/Scrapyard -10/Materials (discovered 2 exits: *Mat / *Min) -9/Materials (discovered 4 exits: *Mat x2 / *Min / *Sto) -9/Storage (discovered 2 exits: *Mat / Gar) -9/Garrison (discovered 3 exits: *Mat x3) -8/Materials -7/Factory -7/DSF History --------- Turn | Location | Event 6 | -11/Scrapyard | Identified exit to Materials 6 | -11/Scrapyard | Discovered exit to Materials (range 15) 76 | -11/Scrapyard | Entered Materials 76 | -10/Materials | Evolved 1 slot: Utility x1 285 | -10/Materials | Identified exit to Mines 285 | -10/Materials | Discovered exit to Mines (range 12) 317 | -10/Materials | Build established: Hacker-Mutant 2235 | -10/Materials | Identified exit to Materials 2235 | -10/Materials | Discovered exit to Materials (range 5) 2428 | -10/Materials | Repaired Datajack? 2711 | -10/Materials | Entered another Materials area 2711 | -9/Materials | Evolved 2 slots: Propulsion x1, Utility x1 3296 | -9/Materials | Identified exit to Storage 3296 | -9/Materials | Discovered exit to Storage (range 15) 3313 | -9/Materials | Identified exit to Materials 3313 | -9/Materials | Discovered exit to Materials (range 3) 3872 | -9/Materials | Identified exit to Mines 3872 | -9/Materials | Discovered exit to Mines (range 6) 4205 | -9/Materials | Discovered exit to Materials (range 6) 4713 | -9/Materials | Entered Storage 6246 | -9/Storage | Discovered exit to Materials (range 5) 6263 | -9/Storage | Garrison activated, responded to threat 6378 | -9/Storage | Identified exit to Garrison 6378 | -9/Storage | Entered Garrison 6464 | -9/Garrison | Triggered checkpoint 6488 | -9/Garrison | Garrison Relay disabled 6610 | -9/Garrison | Triggered checkpoint 6720 | -9/Garrison | Core integrity fell below 50% 6796 | -9/Garrison | Triggered checkpoint 6944 | -9/Garrison | Discovered exit to Materials (range 8) 7098 | -9/Garrison | Triggered checkpoint 7972 | -9/Garrison | Garrison Relay disabled 9284 | -9/Garrison | Triggered checkpoint 9546 | -9/Garrison | Garrison Relay disabled 9635 | -9/Garrison | Discovered exit to Materials (range 15) 9706 | -9/Garrison | Installed Relay Interface Framework 10132 | -9/Garrison | Triggered checkpoint 10197 | -9/Garrison | Garrison Relay disabled 10422 | -9/Garrison | Discovered exit to Materials (range 15) 10646 | -9/Garrison | Triggered checkpoint 10774 | -9/Garrison | Entered Materials 10774 | -8/Materials | Evolved 2 slots: Propulsion x1, Utility x1 11485 | -8/Materials | Lost 3 parts (1p1u1w) 11574 | -8/Materials | Lost 10 parts (1p4n2u3w) 11726 | -8/Materials | Identified exit to Factory 11726 | -8/Materials | Discovered exit to Factory (range 11) 11851 | -8/Materials | Repaired Sensor Array 12611 | -8/Materials | Build established: Scavenger-Skirmisher 13740 | -8/Materials | Entered Factory 13740 | -7/Factory | Evolved 2 slots: Utility x2 13849 | -7/Factory | Identified exit to DSF 13857 | -7/Factory | Entered DSF 14022 | -7/DSF | Additional patrols routed to DSF 14070 | -7/DSF | Build established: Scavenger-Mutant 14076 | -7/DSF | Lost 4 parts (3u1w) 14208 | -7/DSF | Sterilization system engaged 14228 | -7/DSF | Ambient heat levels rising (+10) 14243 | -7/DSF | Ambient heat levels rising (+10) 14258 | -7/DSF | Ambient heat levels rising (+10) 14273 | -7/DSF | Ambient heat levels rising (+10) 14288 | -7/DSF | Ambient heat levels rising (+10) 14303 | -7/DSF | Ambient heat levels rising (+10) 14318 | -7/DSF | Ambient heat levels rising (+10) 14333 | -7/DSF | Ambient heat levels rising (+10) 14342 | -7/DSF | Core integrity fell below 50% 14348 | -7/DSF | Ambient heat levels rising (+10) 14363 | -7/DSF | Ambient heat levels rising (+10) 14371 | -7/DSF | Core integrity fell below 20% 14377 | -7/DSF | Core destroyed Last Messages --------------- Overheating: Matter decay (-42). Overheating: Energy bleed (-26). Power failure, Nuclear Core shutdown. Surge Thruster broken. Overheating: Short circuit. Overheating: Matter decay (-20). Overheating: Matter decay (-30). Overheating: Broken Imp. Signal Interpreter damaged (-2). Overheating: Surge Thruster damaged (-11). Overheating: Huge Storage Unit damaged (-45). Surge Thruster broken. Overheating: Short circuit. ALERT: Ambient heat levels +10. Overheating: Core damaged (-119). Overheating: Matter decay (-15). Power failure, Nuclear Core shutdown. Overheating: Broken Surge Thruster damaged (-9). Overheating: Core damaged (-77). [Achievement: 5k Club] [Achievement: 10k Club] Map ----- +----------------------------------------------------+ | | | | | | | | | | | | | | | ?????????????????????????????????????????????????? | | ?????????????????????????????????????????????????? | | ????????####?????????????????????????????????????? | | ????????#####????????????????????????????????????? | | ????????#""##????????????????????????????????????? | | ?????#####"###?????###########???????????????????? | | ?????#####"###################???????????????????? | | ?????##"""""#########!! !!##???????????????????? | | ??#####"""""## # # ! !!##???????????????????? | | ??##"##"" ##???????????????????? | | ??##""""" ^^^ ##???????????????????? | | ??#####"" ##% # ### ^^####???????????????????? | | ???#####" ###**# ### ####???????????????????? | | ?????###" ##########!! **##???????????????????? | | ??????## ]*########!! **##???????????????????? | | ??????## **##??????!! **##???????????????????? | | ??????### ####?????### ####???????????????????? | | ??????## [**##?????#!! !!##???????????????????? | | ??????##%*%*=##?????#!! @!!#????????????????????? | | ?????###%[%**##?????#!!% !!#????????????????????? | | ?????##!!!*############ ###?###????????????????? | | ?????##%[ %##!!!# !!### ###***#??/#????????????? | | ?????##! /!%=!!!# !!## %##***#///## ?????????? | | ?????#"%!= /! !????????? | | ?????##%*%]! !????????? | | ?????## %!% % !????????? | | ?????## ## #!!!## %##!!!# ## ?????????? | | ?????## ## #!!!### ##?!!!#?? #????????????? | | ?????################## % ###?###????????????????? | | ?????#############??#!! [#????????????????????? | | ????????????????????#!! [[#????????????????????? | | ????????????????????#!! [[#????????????????????? | | ????????????????????### ###????????????????????? | | ?????????????????????== ??????????????????????? | | ????????????????????#== ?????????????????????? | | ????????????????????#== ?????????????????????? | | ????????????????????### ###????????????????????? | | ??????????????????????# #??????????????????????? | | ?????????????????????? ??????????????????????? | | ?????????????????????? ^^ ??????????????????????? | | ????????????????????? !!!/??????????????????????? | | ????????????????????? !!!/??????????????????????? | | ????????????????????#######??????????????????????? | +----------------------------------------------------+ Best States ------------- Heat Dissipation 34 Energy Generation 15 Energy Capacity 530 Matter Stores 300 Matter Capacity 300 Sight Range 16 Robot Scan Range 15 Terrain Scan Range 16 Terrain Scan Density 10 Additional Mass Support 6 Resistance: KI 35 Resistance: TH 35 Resistance: EX 35 Resistance: EM 35 Resistance: I 35 Resistance: S 35 Resistance: P 35 Evasion (%) 55 Targeting Accuracy 5 Recoil Reduction 4 Offensive Hacking 30 Relay Coupler Types 1 Relay Coupler Value 44 Authchip Count 1 Item Schematics ----------------- Core Analyzer | -9/Storage | Hacked Robot Schematics ------------------ None Fabricated ------------ Nothing Alien Tech Used ----------------- None Achievements -------------- 10k Club 5k Club I Spy It's Just You Power Corrupts Challenges ------------ None Game ------ Seed AdvancedSubatomicSuite Manual? 0 Play Time 01:52:10 Cumulative 7.2 hours Start 2022.03.19 @ 09:43:12 End 2022.03.19 @ 11:48:51 Sessions 1 Manual Loads 0 Difficulty Explorer Special Mode None Game No. 13 Rogue 12 Adventurer 0 Explorer 1 Win Type - Total 0 Types 0/0/0/0/0/0/0/0/0 Lore% 3 Gallery% 9 Achievement% 10 Wizard Run 0 Options --------- ASCII 0 Keyboard 0 Movement Mouse Keybinds 0 Fullscreen 1 Font 18/SmallcapsGlow Map View 76x50 Tactical HUD 0 Map Filters NONE Filters NONE Steam 1 RUN: 904c4001-d682-469d-8b90-d2fc03cf8d4f